 Dungeon Crawl Stone Soup version 0.23-b1-6-ga921848b48 (webtiles) character file.

Game seed: 4987970614596522831

5898 Peloso the Carver (level 10, -1/88 HPs)
             Began as a Minotaur Fighter on Feb 2, 2019.
             Was a High Priest of Okawaru.
             Slain by a death yak (20 damage)
             ... on level 7 of the Dungeon.
             The game lasted 00:11:30 (6184 turns).

Peloso the Carver (Minotaur Fighter)                Turns: 6184, Time: 00:11:31

Health: -1/88      AC: 16    Str: 23    XL:     10   Next: 53%
Magic:  9/9        EV:  9    Int:  5    God:    Okawaru [*****.]
Gold:   254        SH: 12    Dex: 15    Spells: 9/9 levels left

rFire    . . .     SeeInvis .   a - +3 scimitar (freeze)
rCold    . . .     Gourm    .   c - +0 shield
rNeg     + . .     Faith    .   s - +2 chain mail {rPois}
rPois    +         Spirit   .   (helmet restricted)
rElec    .         Reflect  .   B - +2 cloak
rCorr    .         Harm     .   (no gloves)
MR       .....                  (no boots)
Stlth    ..........             (no amulet)
HPRegen  0.24/turn              k - ring of positive energy
MPRegen  0.11/turn              o - +4 ring of dexterity

@: no status effects
A: retaliatory headbutt, horns 2
a: Heroism, Finesse, Renounce Religion


You were on level 7 of the Dungeon.
You worshipped Okawaru.
Okawaru was extremely pleased with you.
You were hungry.

You visited 2 branches of the dungeon, and saw 9 of its levels.

You collected 436 gold pieces.
You spent 182 gold pieces at shops.

Inventory:

Hand Weapons
 a - a +3 scimitar of freezing (weapon)
Armour
 b - a +0 scale mail
 c - a +0 shield (worn)
 s - a +2 chain mail of poison resistance (worn)
 B - a +2 cloak (worn)
Jewellery
 k - a ring of positive energy (left hand)
 o - a +4 ring of dexterity (right hand)
 t - an uncursed ring of magical power
 E - an uncursed ring of resist corrosion {unknown}
Wands
 x - a wand of scattershot (5)
 y - a wand of flame (15)
 z - a wand of polymorph (11)
Scrolls
 e - a scroll of remove curse
 g - 2 scrolls of enchant armour {unknown}
 j - 6 scrolls of teleportation {unknown}
 p - 2 scrolls of blinking {unknown}
 q - 8 scrolls of identify {unknown}
 C - a scroll of amnesia {unknown}
 D - a scroll of fog {unknown}
Potions
 d - a potion of might
 h - 3 potions of flight {unknown}
 i - a potion of ambrosia {unknown}
 l - 6 potions of curing
 m - a potion of invisibility {unknown}
 n - 3 potions of brilliance {unknown}
 r - a potion of mutation {unknown}
 u - a potion of heal wounds
 v - 2 potions of resistance {unknown}
 w - a potion of berserk rage
 A - a potion of agility {unknown}
Comestibles
 f - 25 rations


   Skills:
 + Level 8.2 Fighting
 + Level 11.8 Long Blades
 + Level 8.9 Armour
 + Level 3.8 Dodging
 + Level 1.0 Stealth
 + Level 9.6 Shields
 + Level 0.8 Invocations


You had 9 spell levels left.
You didn't know any spells.
Your spell library contained the following spells:

 Spells                   Type           Power        Failure   Level  Hunger
 Sandblast                Erth           #.....       100%        1    ##.....
 Passwall                 Tmut/Erth      #.......     100%        2    ###....
 Stone Arrow              Conj/Erth      #.....       100%        3    ####...
 Petrify                  Tmut/Erth      #.......     100%        4    #####..
 Bolt of Magma            Conj/Fire/Erth #.........   100%        5    ######.
 Iskenderun's Battlesphe  Conj/Chrm      #.......     100%        5    ######.
 Lee's Rapid Deconstruct  Erth           #.........   100%        5    ######.
 Venom Bolt               Conj/Pois      #.........   100%        5    ######.
 Iron Shot                Conj/Erth      #.........   100%        6    #######
 Orb of Destruction       Conj           #.........   100%        7    #######
 Spellforged Servitor     Conj/Summ      #.........   100%        7    #######


Dungeon Overview and Level Annotations

Branches:
Dungeon (8/15)             Temple (1/1) D:4
   Lair: D:8-11

Altars:
Ashenzari
Cheibriados
Dithmenos
Elyvilon
Fedhas
Gozag
Hepliaklqana
Kikubaaqudgha
Makhleb
Nemelex Xobeh
Okawaru
Qazlal
Ru
Sif Muna
Trog
Uskayaw
Vehumet
Wu Jian
Xom
Yredelemnul
Zin
The Shining One

Shops:
D:4 !   D:5 }   D:6 :

Annotations:
D:5 Dowan
D:6 2 transporters, Infinimo's ghost, novice DECj


Innate Abilities, Weirdness & Mutations

You reflexively headbutt those who attack you in melee.
You have a pair of horns on your head.


Message History

The death yak is moderately wounded.
You block the death yak's attack.
You hit the death yak. You freeze the death yak.
The death yak is moderately wounded.
You block the death yak's attack.
You hit the death yak but do no damage.
You headbutt the death yak, but do no damage.
The death yak is moderately wounded.
Your chain mail prevents you from hitting the death yak.
The death yak is moderately wounded.
The death yak gores you.
* * * LOW HITPOINT WARNING * * *
You slash the death yak! You freeze the death yak.
You headbutt the death yak, but do no damage.
The death yak is heavily wounded.
The death yak gores you but does no damage.
Your shield and chain mail prevent you from hitting the death yak.
The death yak is heavily wounded.
The death yak gores you!!
You die...

#.#.##.##.#.......###.#
#.#....##.#.......##...
#.#..#.##.#.......#....
#.#..#.##.#............
#....)[...#.......#†...
####.###############...
####.### ##.# #......# #.#
#.##.#@# ##.# #.##.#Y#####
#######[.. #.##.......#
#.........
#.###..#.#>###.##.##...
####<###..#...÷.....<#####
########.........###.##...###
.........####.#.####.##...#
########### #(#......##...#
#......# #.#########...# ##


You could see a death yak.

Vanquished Creatures
  4 death yaks (D:7)
  Sigmund (D:6)
  4 hogs (D:7)
  A human (D:7)
  Eustachio (D:5)
  A hungry ghost (D:7)
  Edmund (D:4)
  An orc warrior (D:7)
  2 phantoms
  2 ogres
  A sky beast (D:5)
  4 bullfrogs
  10 wights
  A howler monkey (D:4)
  5 crimson imps
  3 orc priests
  5 hounds
  A centaur skeleton (D:4)
  3 bullfrog skeletons
  An iguana (D:7)
  Ijyb (D:5)
  4 orc wizards
  3 worker ants
  A hound zombie (D:7)
  A hound skeleton (D:4)
  A howler monkey skeleton (D:5)
  7 adders
  2 shadow imps
  An adder skeleton (D:4)
  2 worms (D:4)
  2 dart slugs
  3 leopard geckos
  31 orcs
  A ball python (D:2)
  3 giant cockroaches
  8 hobgoblins
  11 jackals
  A quokka (D:7)
  8 bats
  2 frilled lizards
  11 goblins
  8 kobolds
  A quokka skeleton (D:7)
  13 rats
178 creatures vanquished.

Notes
Turn   | Place    | Note
-------+----------+-------------------------------------------
     0 | D:1      | Peloso the Minotaur Fighter began the quest for the Orb.
     0 | D:1      | Reached XP level 1. HP: 19/19 MP: 0/0
    75 | D:1      | Reached XP level 2. HP: 18/27 MP: 1/1
   680 | D:2      | Reached skill level 3 in Long Blades
   680 | D:2      | Reached XP level 3. HP: 32/33 MP: 2/2
   840 | D:2      | Reached XP level 4. HP: 40/40 MP: 3/3
  1522 | D:3      | Found a glowing golden altar of the Shining One.
  1665 | D:3      | Reached skill level 4 in Long Blades
  2372 | D:4      | Reached skill level 1 in Dodging
  2372 | D:4      | Reached XP level 5. HP: 42/46 MP: 4/4
  2396 | D:4      | Reached skill level 5 in Long Blades
  2413 | D:4      | Found Juxirr's Distillery.
  2442 | D:4      | Reached XP level 6. HP: 42/53 MP: 5/5
  2464 | D:4      | Bought a potion of curing for 39 gold pieces
  2464 | D:4      | Bought a potion of heal wounds for 65 gold pieces
  2464 | D:4      | Bought a potion of degeneration for 13 gold pieces
  2464 | D:4      | Bought a potion of berserk rage for 65 gold pieces
  2524 | D:4      | Reached skill level 5 in Armour
  2524 | D:4      | Reached skill level 5 in Shields
  2587 | D:4      | Found a staircase to the Ecumenical Temple.
  2692 | Temple   | Entered the Ecumenical Temple
  2699 | Temple   | Became a worshipper of Warmaster Okawaru
  2794 | D:4      | Noticed Edmund
  2814 | D:4      | Reached skill level 6 in Long Blades
  2814 | D:4      | Reached XP level 7. HP: 30/60 MP: 6/6
  2838 | D:4      | Killed Edmund
  2838 | D:4      | Reached skill level 5 in Fighting
  3387 | D:5      | Entered Level 5 of the Dungeon
  3479 | D:5      | Reached * piety under Okawaru
  3479 | D:5      | Reached skill level 7 in Long Blades
  3658 | D:5      | Noticed Ijyb
  3659 | D:5      | Noticed Dowan
  3701 | D:5      | Killed Ijyb
  3701 | D:5      | Reached XP level 8. HP: 60/68 MP: 7/7
  3837 | D:5      | Found Ymouqy's Gadget Boutique.
  4025 | D:5      | Noticed Eustachio
  4039 | D:5      | Killed Eustachio
  4039 | D:5      | Reached skill level 8 in Long Blades
  4148 | D:5      | Found a shattered altar of Ashenzari.
  4149 | D:5      | Found a sparkling altar of Nemelex Xobeh.
  4260 | D:6      | Found Ceetupyi's Book Emporium.
  4270 | D:6      | Noticed Sigmund
  4277 | D:6      | Killed Sigmund
  4277 | D:6      | Reached ** piety under Okawaru
  4656 | D:6      | Found a transporter.
  4658 | D:6      | Found a transporter.
  4685 | D:6      | Reached skill level 9 in Long Blades
  4766 | D:6      | Noticed Infinimo's ghost (novice DECj)
  4954 | D:6      | Reached XP level 9. HP: 75/75 MP: 8/8
  5110 | D:7      | Reached *** piety under Okawaru
  5444 | D:7      | Reached skill level 10 in Long Blades
  5627 | D:7      | Found a snail-covered altar of Cheibriados.
  5628 | D:7      | Found an ornate altar of the Wu Jian Council.
  5628 | D:7      | Found a hazy altar of Hepliaklqana.
  5654 | D:7      | Reached **** piety under Okawaru
  5671 | D:7      | Found a bloodstained altar of Trog.
  5672 | D:7      | Found a shimmering altar of Xom.
  5918 | D:8      | Noticed a death yak
  5918 | D:8      | Noticed a death yak
  5919 | D:8      | Noticed a death yak
  5920 | D:8      | Noticed a death yak
  5921 | D:8      | Noticed a death yak
  5943 | D:7      | Killed a death yak
  5943 | D:7      | Reached skill level 11 in Long Blades
  5943 | D:7      | Reached XP level 10. HP: 37/86 MP: 6/9
  5948 | D:7      | Killed a death yak
  5948 | D:7      | Reached ***** piety under Okawaru
  6167 | D:7      | Killed a death yak
  6178 | D:7      | Killed a death yak
  6178 | D:7      | Reached skill level 1 in Stealth
  6184 | D:7      | Slain by a death yak

Skill      XL: |  1  2  3  4  5  6  7  8  9 10 |
---------------+-------------------------------+-----
Armour         | 4 5 6 8 |  8.9
Fighting       | 4 5 7 8 |  8.2
Long Blades    | 3 4 5 6 7 9 11 | 11.8
Shields        | 4 5 6 7 9 |  9.6
Dodging        | 1 3 |  3.8
Stealth        | 1 |  1.0
Invocations    | |  0.8

Action                   |  1- 3 |  4- 6 |  7- 9 | 10-12 || total
-------------------------+-------+-------+-------+-------++-------
Melee: Long sword        |    68 |   176 |   226 |       ||   470
       Headbutt          |     4 |    36 |    73 |    15 ||   128
       Scimitar          |       |       |    85 |    28 ||   113
Invok: Heroism           |       |       |     2 |     1 ||     3
  Use: Potion            |       |       |     1 |     1 ||     2
       Scroll            |       |       |     1 |       ||     1
  Eat: Chunk             |       |     6 |    11 |       ||    17
Armor: Scale mail        |    46 |     1 |       |       ||    47
       Chain mail        |       |    99 |   102 |     5 ||   206
Dodge: Dodged            |    26 |    44 |    72 |     3 ||   145
Block: Shield            |    45 |   108 |   150 |    12 ||   315
       Rpst.: Long sword |     7 |    13 |    15 |       ||    35
       Scimitar          |       |       |     6 |       ||     6
